BSA
BOSTON REBELS @ NEVADA NOISE
03/13/2029
 
TOP OF THE 1ST
Boston Rebels batting - Pitching for Nevada Noise : RHP Dan Wilson
Pitching: RHP Dan Wilson
Batting: LHB Frank Jackson 0-0: Called Strike
0-1: Ball
1-1: Foul Ball, location: 2F
1-2: Ball
2-2: Foul Ball, location: 2F
2-2: Ball
3-2: Foul Ball, location: 2F
3-2: Foul Ball, location: 2F
3-2: Foul Ball, location: 2F
3-2: Foul Ball, location: 2F
3-2: TRIPLE (Flyball, 89XD)
Batting: RHB Ken McDonald 0-0: Called Strike
0-1: Ball
1-1: Foul Ball, location: 2F
1-2: Ground out 4-3 (Groundball, 4)
Frank Jackson scores
Batting: RHB Tony Long 0-0: Called Strike
0-1: Ball
1-1: Swinging Strike
1-2: Strikes out swinging
Batting: RHB Alfredo López 0-0: Swinging Strike
0-1: Foul Ball, location: 2F
0-2: Foul Ball, location: 2F
0-2: Strikes out swinging
Top of the 1st over - 1 run, 1 hit, 0 errors, 0 left on base; Boston 1 - Nevada 0
BOTTOM OF THE 1ST
Nevada Noise batting - Pitching for Boston Rebels : RHP Nathan Walters
Pitching: RHP Nathan Walters
Batting: LHB Pablo Reyes 0-0: Ball
1-0: Ball
2-0: Called Strike
2-1: Ball
3-1: Fly out, F9 (Flyball, 9LM)
Batting: LHB José Román 0-0: Ball
1-0: Foul Ball, location: 2F
1-1: Ball
2-1: Ground out 1-3 (Groundball, 15S)
Batting: RHB Max Jones 0-0: Called Strike
0-1: SOLO HOME RUN (Flyball, 9LD), Distance : 340 ft
Batting: RHB Kenny Cole 0-0: Ball
1-0: Ball
2-0: Ball
3-0: Called Strike
3-1: Fly out, F8 (Flyball, 78D)
Bottom of the 1st over - 1 run, 1 hit, 0 errors, 0 left on base; Boston 1 - Nevada 1
TOP OF THE 2ND
Boston Rebels batting - Pitching for Nevada Noise : RHP Dan Wilson
Batting: RHB Denver Baker 0-0: Ball
1-0: Called Strike
1-1: Ball
2-1: Ball
3-1: Fly out, F6 (Popup, 6D)
Batting: RHB Evan Robinson 0-0: Reached on error, E1 (Groundball, P)
Batting: RHB Mario López 0-0: Called Strike
0-1: Ball
1-1: SINGLE (Line Drive, 6)
Evan Robinson to second
Batting: RHB Aaron Washington 0-0: Called Strike
0-1: Fly out, F7 (Flyball, 7S)
Batting: RHB George Reeves 0-0: Fly out, F8 (Flyball, 8RM)
Top of the 2nd over - 0 runs, 1 hit, 1 error, 2 left on base; Boston 1 - Nevada 1
BOTTOM OF THE 2ND
Nevada Noise batting - Pitching for Boston Rebels : RHP Nathan Walters
Batting: RHB José Velázquez 0-0: SINGLE (Groundball, 56D)
Batting: RHB Dexter Potter 0-0: Ball
1-0: Ball
2-0: Called Strike
2-1: Called Strike
2-2: Ball
3-2: DOUBLE (Line Drive, 8LXD)
José Velázquez to third
Batting: RHB Juan Estrada 0-0: Ball
1-0: Fly out, F3 (Popup, 3F)
Batting: RHB Jorge Márquez 0-0: Ball
1-0: Called Strike
1-1: Foul Ball, location: 2F
1-2: Ball
2-2: Ball
3-2: Foul Ball, location: 2F
3-2: Foul Ball, location: 2F
3-2: Foul Ball, location: 2F
3-2: Foul Ball, location: 2F
3-2: Base on Balls
Batting: RHB Mitsuoki Taguchi 0-0: Called Strike
0-1: Ball
1-1: Foul Ball, location: 2F
1-2: Strikes out looking
Batting: LHB Pablo Reyes 0-0: Ball
1-0: Ball
2-0: Ball
3-0: Called Strike
3-1: Fly out, F6 (Line Drive, 6M)
Bottom of the 2nd over - 0 runs, 2 hits, 0 errors, 3 left on base; Boston 1 - Nevada 1
TOP OF THE 3RD
Boston Rebels batting - Pitching for Nevada Noise : RHP Dan Wilson
Batting: LHB Frank Jackson 0-0: Ball
1-0: Ball
2-0: Called Strike
2-1: Ball
3-1: Fly out, F7 (Flyball, 78M)
Batting: RHB Ken McDonald 0-0: Called Strike
0-1: Ball
1-1: Swinging Strike
1-2: Foul Ball, location: 2F
1-2: Ball
2-2: Strikes out swinging
Batting: RHB Tony Long 0-0: Ball
1-0: Called Strike
1-1: Swinging Strike
1-2: Ball
2-2: Fly out, F7 (Flyball, 7D)
Top of the 3rd over - 0 runs, 0 hits, 0 errors, 0 left on base; Boston 1 - Nevada 1
BOTTOM OF THE 3RD
Nevada Noise batting - Pitching for Boston Rebels : RHP Nathan Walters
Batting: LHB José Román 0-0: Called Strike
0-1: Foul Ball, location: 2F
0-2: Ball
1-2: Fly out, F9 (Flyball, 89D)
Batting: RHB Max Jones 0-0: Ground out 6-3 (Groundball, 6)
Batting: RHB Kenny Cole 0-0: Ball
1-0: SINGLE (Line Drive, 8LS)
Batting: RHB José Velázquez 0-0: Called Strike
0-1: Foul Ball, location: 2F
0-2: SINGLE (Groundball, 4MD)
Kenny Cole to second
Runner from 2nd tries for 3rd, OUT!
Bottom of the 3rd over - 0 runs, 2 hits, 0 errors, 1 left on base; Boston 1 - Nevada 1
TOP OF THE 4TH
Boston Rebels batting - Pitching for Nevada Noise : RHP Dan Wilson
Batting: RHB Alfredo López 0-0: Called Strike
0-1: Ball
1-1: DOUBLE (Flyball, 8RXD)
Batting: RHB Denver Baker 0-0: Ball
1-0: Foul Ball, location: 2F
1-1: Ball
2-1: Ball
3-1: Reached on error, E5 (Groundball, 56)
Alfredo López to third
Batting: RHB Evan Robinson 0-0: Called Strike
0-1: Foul Ball, location: 2F
0-2: Ball
1-2: Foul Ball, location: 2F
1-2: Ball
2-2: Grounds into double play, 6-4-3 (Groundball, 6)
Alfredo López scores
Batting: RHB Mario López 0-0: SINGLE (Line Drive, 56D)
Batting: RHB Aaron Washington 0-0: Called Strike
0-1: SINGLE (Groundball, 56D)
Mario López to second
Pitching: RHP Elton Johnston
Batting: RHB George Reeves 0-0: Foul Ball, location: 2F
0-1: Swinging Strike
0-2: Ball
1-2: Foul Ball, location: 2F
1-2: Ball
2-2: Foul Ball, location: 2F
2-2: Fielders Choice at 2nd, 5-4 (Groundball, 56)
Top of the 4th over - 1 run, 3 hits, 1 error, 2 left on base; Boston 2 - Nevada 1
BOTTOM OF THE 4TH
Nevada Noise batting - Pitching for Boston Rebels : RHP Nathan Walters
Batting: RHB Dexter Potter 0-0: Ball
1-0: Fly out, F7 (Flyball, 7S)
Batting: RHB Juan Estrada 0-0: Called Strike
0-1: Called Strike
0-2: Strikes out swinging
Batting: RHB Jorge Márquez 0-0: Swinging Strike
0-1: Ball
1-1: Fly out, F5 (Line Drive, 5)
Bottom of the 4th over - 0 runs, 0 hits, 0 errors, 0 left on base; Boston 2 - Nevada 1
TOP OF THE 5TH
Boston Rebels batting - Pitching for Nevada Noise : RHP Elton Johnston
Batting: LHB Frank Jackson 0-0: Fly out, F9 (Line Drive, 9LD)
Batting: RHB Ken McDonald 0-0: Ball
1-0: Swinging Strike
1-1: Swinging Strike
1-2: Foul Ball, location: 2F
1-2: Strikes out swinging
Batting: RHB Tony Long 0-0: Fly out, F7 (Flyball, 78S)
Top of the 5th over - 0 runs, 0 hits, 0 errors, 0 left on base; Boston 2 - Nevada 1
BOTTOM OF THE 5TH
Nevada Noise batting - Pitching for Boston Rebels : RHP Nathan Walters
Pitching: LHP Artie Nelson
Batting: RHB Mitsuoki Taguchi 0-0: Called Strike
0-1: Ball
1-1: Ball
2-1: Fly out, F7 (Line Drive, 7LS)
Batting: LHB Pablo Reyes 0-0: Called Strike
0-1: Swinging Strike
0-2: Foul Ball, location: 2F
0-2: Ground out 4-3 (Groundball, 4)
Batting: LHB José Román 0-0: Ball
1-0: Ground out 6-3 (Groundball, 6)
Bottom of the 5th over - 0 runs, 0 hits, 0 errors, 0 left on base; Boston 2 - Nevada 1
TOP OF THE 6TH
Boston Rebels batting - Pitching for Nevada Noise : RHP Elton Johnston
Batting: RHB Alfredo López 0-0: Reached on error, E4 (Groundball, 4)
Batting: RHB Denver Baker 0-0: Called Strike
0-1: Swinging Strike
0-2: Ball
1-2: Ball
2-2: Foul Ball, location: 2F
2-2: Strikes out swinging
Batting: RHB Evan Robinson 0-0: Foul Ball, location: 2F
0-1: Ball
Alfredo López is caught stealing 2nd base
1-1: Ball
2-1: Swinging Strike
2-2: Foul Ball, location: 2F
2-2: Foul Ball, location: 2F
2-2: Strikes out swinging
Top of the 6th over - 0 runs, 0 hits, 1 error, 0 left on base; Boston 2 - Nevada 1
BOTTOM OF THE 6TH
Nevada Noise batting - Pitching for Boston Rebels : LHP Artie Nelson
Batting: RHB Max Jones 0-0: Foul Ball, location: 2F
0-1: Called Strike
0-2: Ball
1-2: Strikes out looking
Batting: RHB Kenny Cole 0-0: Called Strike
0-1: Ball
1-1: TRIPLE (Groundball, 3L)
Batting: RHB José Velázquez 0-0: Swinging Strike
0-1: Ground out 6-3 (Groundball, 6)
Batting: RHB Dexter Potter 0-0: Foul Ball, location: 2F
0-1: Ball
1-1: Ball
2-1: Called Strike
2-2: Strikes out swinging
Bottom of the 6th over - 0 runs, 1 hit, 0 errors, 1 left on base; Boston 2 - Nevada 1
TOP OF THE 7TH
Boston Rebels batting - Pitching for Nevada Noise : RHP Elton Johnston
Batting: RHB Mario López 0-0: Ball
1-0: Ball
2-0: Ball
3-0: Swinging Strike
3-1: Foul Ball, location: 2F
3-2: Base on Balls
Batting: RHB Aaron Washington 0-0: Called Strike
Mario López steals 2nd base
0-1: Ball
1-1: Ball
2-1: Ball
3-1: Base on Balls
Pinch Hitting: LHB Tom Blake 0-0: Bunted foul
0-1: Bunted foul
0-2: SINGLE (Line Drive, 34D)
Mario López to third
Aaron Washington to second
Pitching: LHP Yoshihiro Hasegawa
Pinch Hitting: RHB Randy Simons 0-0: SINGLE (Flyball, 8LM)
Mario López scores
Aaron Washington to third
Tom Blake to second
Runner from 3rd tries for Home, throw and OUT!
Pitching: RHP Don Wiggins
Pinch Hitting: LHB Felipe Guerrero 0-0: Ball
1-0: Ball
Wild Pitch!
Tom Blake to third
Randy Simons to second
2-0: Ball
3-0: Base on Balls
Batting: LHB Ron Robinson 0-0: Ball
1-0: Swinging Strike
1-1: Swinging Strike
1-2: SINGLE (Groundball, 4D)
Tom Blake scores
Randy Simons to third
Felipe Guerrero to second
Runner from 3rd tries for Home, throw and OUT!
Felipe Guerrero to third
Ron Robinson to second
Pinch Hitting: SHB António Enríquez 0-0: Ball
1-0: Ball
2-0: Ground out 6-3 (Groundball, 6)
Top of the 7th over - 2 runs, 3 hits, 0 errors, 2 left on base; Boston 4 - Nevada 1
BOTTOM OF THE 7TH
Nevada Noise batting - Pitching for Boston Rebels : LHP Artie Nelson
Now at 1B: António Enríquez
Now at 2B: Randy Simons
Now in LF: Tom Blake
Now in CF: Felipe Guerrero
Batting: RHB Juan Estrada 0-0: Ball
1-0: Foul Ball, location: 2F
1-1: Ball
2-1: Ball
3-1: Base on Balls
Batting: RHB Jorge Márquez 0-0: Called Strike
0-1: Swinging Strike
0-2: Ball
1-2: Ball
2-2: Ball
3-2: Strikes out swinging
Batting: RHB Mitsuoki Taguchi 0-0: Called Strike
Juan Estrada steals 2nd base
0-1: Ground out 4-3 (Groundball, 4)
Juan Estrada to third
Pinch Hitting: RHB Luis Cruz 0-0: Swinging Strike
0-1: Ball
1-1: Ball
2-1: SINGLE (Groundball, 4MD)
Juan Estrada scores
Pinch Hitting: RHB Jack Bailey 0-0: Foul Ball, location: 2F
0-1: Called Strike
0-2: Ball
1-2: Fly out, F9 (Flyball, 9S)
Bottom of the 7th over - 1 run, 1 hit, 0 errors, 1 left on base; Boston 4 - Nevada 2
TOP OF THE 8TH
Boston Rebels batting - Pitching for Nevada Noise : RHP Don Wiggins
Now in LF: Jack Bailey
Now in RF: Luis Cruz
Pinch Hitting: RHB Derek Ramsey 0-0: Ball
1-0: Called Strike
1-1: SOLO HOME RUN (Flyball, 9D), Distance : 374 ft
Batting: RHB Evan Robinson 0-0: Swinging Strike
0-1: Swinging Strike
0-2: Ball
1-2: Strikes out looking
Pinch Hitting: LHB George Wood 0-0: Called Strike
0-1: Ball
1-1: Ball
2-1: Foul Ball, location: 2F
2-2: Ball
3-2: Base on Balls
Pinch Hitting: LHB Ed Hart 0-0: Ball
1-0: Called Strike
1-1: Fly out, F9 (Line Drive, 9)
Batting: LHB Tom Blake 0-0: Swinging Strike
0-1: Foul Ball, location: 2F
0-2: Ball
1-2: Ball
2-2: Strikes out looking
Top of the 8th over - 1 run, 1 hit, 0 errors, 1 left on base; Boston 5 - Nevada 2
BOTTOM OF THE 8TH
Nevada Noise batting - Pitching for Boston Rebels : LHP Artie Nelson
Pitching: RHP Ramón López
Now at 3B: Aaron Wilson
Now at SS: Peter Sexton
Now in LF: Ed Hart
Batting: LHB Milton Watson 0-0: Ball
1-0: Called Strike
1-1: Swinging Strike
1-2: Ball
2-2: Strikes out swinging
Pinch Hitting: RHB Fernando Gálvez 0-0: Ball
1-0: Ball
2-0: Ball
3-0: Called Strike
3-1: Foul Ball, location: 2F
3-2: Fly out, F8 (Flyball, 8LM)
Pinch Hitting: RHB Rich Ruffin 0-0: Called Strike
0-1: Foul Ball, location: 2F
0-2: Fly out, F8 (Flyball, 8LXD)
Bottom of the 8th over - 0 runs, 0 hits, 0 errors, 0 left on base; Boston 5 - Nevada 2
TOP OF THE 9TH
Boston Rebels batting - Pitching for Nevada Noise : RHP Don Wiggins
Now at 1B: Rich Ruffin
Now in RF: Pedro Rosado
Batting: RHB Randy Simons 0-0: Swinging Strike
0-1: Foul Ball, location: 2F
0-2: Foul Ball, location: 2F
0-2: Foul Ball, location: 2F
0-2: Ground out 3-1 (Groundball, 34S)
Batting: LHB Felipe Guerrero 0-0: Ball
1-0: Ground out 6-3 (Groundball, 6)
Batting: LHB Ron Robinson 0-0: Ball
1-0: Ball
2-0: Ball
3-0: Called Strike
3-1: SINGLE (Groundball, 4MD)
Batting: SHB António Enríquez 0-0: Swinging Strike
0-1: Ball
1-1: Ball
2-1: Foul Ball, location: 2F
2-2: DOUBLE (Line Drive, 9LM)
Ron Robinson to third
Batting: RHB Aaron Wilson 0-0: Ground out U3 (Groundball, 34S)
Top of the 9th over - 0 runs, 2 hits, 0 errors, 2 left on base; Boston 5 - Nevada 2
BOTTOM OF THE 9TH
Nevada Noise batting - Pitching for Boston Rebels : RHP Ramón López
Pinch Hitting: SHB Víctor Serrano 0-0: Ball
1-0: Foul Ball, location: 2F
1-1: Ball
2-1: Ball
3-1: Base on Balls
Pinch Hitting: RHB Bill Mark 0-0: Ball
1-0: Ball
2-0: Ball
3-0: Called Strike
3-1: Base on Balls
Víctor Serrano to second
Pinch Hitting: RHB Andrew Good 0-0: Swinging Strike
0-1: Ball
1-1: Foul Ball, location: 2F
1-2: Foul Ball, location: 2F
1-2: Strikes out swinging
Pinch Hitting: RHB Doug Brown 0-0: Ball
1-0: Ball
2-0: Foul Ball, location: 2F
2-1: SINGLE (Flyball, 7S)
Víctor Serrano to third
Bill Mark to second
Batting: RHB Luis Cruz 0-0: Ball
1-0: Swinging Strike
1-1: Swinging Strike
1-2: Foul Ball, location: 2F
1-2: Foul Ball, location: 2F
1-2: Ball
2-2: Ball
3-2: GRAND SLAM HOME RUN (Flyball, 7D), Distance : 374 ft
Saturday, December 16th, 2017 - OOTP Baseball 18.8 Build 76